 Dungeon Crawl Stone Soup version 0.30-a0-123-g91d0c66ccf (webtiles) character file.

Game seed: 10965477501261898724

138 Zonian the Chiller (level 5, -5/35 HPs)
             Began as a Demonspawn Ice Elementalist on Sept 17, 2022.
             Killed by nerve-wracking pain
             ... invoked by an orc priest
              (8 damage)
             ... on level 4 of the Dungeon.
             The game lasted 00:05:49 (4588 turns).

Zonian the Chiller (Demonspawn Ice Elementalist)    Turns: 4588, Time: 00:05:50

Health: -5/35      AC:  7    Str:  8    XL:     5   Next: 1%
Magic:  0/9        EV: 12    Int: 18    God:
Gold:   61         SH:  4    Dex: 14    Spells: 5/9 levels left

rFire   . . .      SeeInvis +    c - +0 dagger
rCold   . . .      Faith    .    (no shield)
rNeg    . . .      Spirit   .    a - +1 robe
rPois   .          Reflect  .    l - +0 helmet {SInv}
rElec   .          Harm     .    e - scarf {repulsion}
rCorr   .          Rampage  .    (no gloves)
Will    .....                    b - +2 pair of boots
Stlth   ++........               (no amulet)
HPRegen 0.11/turn                (no ring)
MPRegen 0.11/turn                (no ring)

@: repel missiles
A: foul stench 1, sturdy frame 1, condensation shield
a: no special abilities


You were on level 4 of the Dungeon.
You visited 1 branch of the dungeon, and saw 4 of its levels.

You collected 61 gold pieces.

Inventory:

Hand Weapons
 c - a +0 dagger (weapon)
 f - a +0 sling of freezing
Armour
 a - a +1 robe (worn)
 b - a +2 pair of boots (worn)
 e - a scarf of repulsion (worn)
 l - a +0 helmet of see invisible (worn)
Jewellery
 i - a ring of resist corrosion


   Skills:
 + Level 2.8 Dodging
 + Level 3.0 Stealth
 + Level 2.9 Spellcasting
 + Level 4.2 Ice Magic


You had 5 spell levels left.
You knew the following spells:

 Your Spells              Type           Power      Damage    Failure   Level
a - Freeze                Ice            68%        1d8       3%          1
b - Frozen Ramparts       Ice            34%        1d6       9%          3

Your spell library contained the following spells:

 Spells                   Type           Power      Damage    Failure   Level
 Ozocubu's Armour         Ice            17%        N/A       9%          3
 Hailstorm                Conj/Ice       10%        3d5       56%         4


Dungeon Overview and Level Annotations

Branches:
Dungeon (4/15)
 Temple: D:4-7

Altars:

Annotations:
D:3 Grinder


Innate Abilities, Weirdness & Mutations

You may rarely emit foul miasma when damaged in melee.
Your movements are slightly less encumbered by armour. (ER -2)
A meltable shield of frost defends you. (SH +4)


Message History

Unknown command.
You closely miss the orc priest.
The orc priest is lightly wounded.
The orc priest hits you but does no damage.
Unknown command.
You hit the orc priest but do no damage.
The orc priest is lightly wounded.
The orc priest hits you with a +0 whip.
You hit the orc priest but do no damage.
The orc priest is lightly wounded.
The orc priest hits you but does no damage.
You barely miss the orc priest.
The orc priest is lightly wounded.
The orc priest hits you but does no damage.
Casting: Freeze (safe; 3% risk of failure)
Confirm with . or Enter, or press ? or * to list all spells.
Aiming: Freeze (safe; 3% risk of failure)
Press: ? - help, Shift-Dir - straight line, f/p - orc priest
Aim: an orc priest, wielding a +0 whip and wearing a +0 leather armour (lightly wounded)
You freeze the orc priest.
The orc priest is moderately wounded.
The orc priest mumbles some strange prayers to Beogh against you.
Beogh smites you!
* * * LOW HITPOINT WARNING * * *
Unknown command.
You aren't carrying any potions.
Unknown command.
You barely miss the orc priest.
The orc priest is moderately wounded.
The orc priest hits you with a +0 whip.
* * * LOW HITPOINT WARNING * * *
Unknown command.
You hit the orc priest.
The orc priest is heavily wounded.
The orc priest hits you but does no damage.
You hit the orc priest but do no damage.
The orc priest is heavily wounded.
The orc priest invokes the aid of Beogh against you.
Pain shoots through your body!
You die...

....# #.# .... #.#
###....# #.#
.......# #.#
#......# #.#
#......# #.#
#.#...# #.#
##.######.#...##
#.##
........@o.....##
#...
#..######.......##
##.##
#.........####...#
+.........'.......
#.........####...#
##.......## ##.##
##.....## ####
##...## #. ##'##
#.


You could see an orc priest.

Vanquished Creatures
  A howler monkey (D:4)
  4 adders
  2 worms
  4 dart slugs
  5 orcs (D:4)
  An endoplasm (D:2)
  4 giant cockroaches
  2 goblins (D:2)
  5 hobgoblins
  3 kobolds (D:1)
  2 quokkas (D:4)
  6 ball pythons
  4 bats (D:2)
  A frilled lizard (D:2)
  5 rats
49 creatures vanquished.

Notes
Turn   | Place    | Note
-------+----------+-------------------------------------------
     0 | D:1      | Zonian the Demonspawn Ice Elementalist began the quest for
                  | the Orb.
     0 | D:1      | Reached XP level 1. HP: 13/13 MP: 3/3
   393 | D:1      | Gained mutation: A meltable shield of frost defends you.
                  | (SH +4) [demonic ancestry]
   393 | D:1      | Reached XP level 2. HP: 19/19 MP: 3/5
  1131 | D:2      | Found a faded altar of an unknown god.
  1196 | D:2      | Reached XP level 3. HP: 19/24 MP: 1/6
  1753 | D:2      | Reached skill level 4 in Ice Magic
  2497 | D:2      | Gained mutation: Your movements are slightly less
                  | encumbered by armour. (ER -2) [demonic ancestry]
  2497 | D:2      | Reached XP level 4. HP: 30/30 MP: 2/7
  3557 | D:3      | Learned a level 3 spell: Frozen Ramparts
  3684 | D:3      | Noticed Grinder
  3684 | D:3      | Paralysed by Grinder for 3 turns
  3703 | D:3      | Paralysed by Grinder for 2 turns
  4211 | D:4      | Noticed an ogre
  4577 | D:4      | Gained mutation: You may rarely emit foul miasma when
                  | damaged in melee. [demonic ancestry]
  4577 | D:4      | Reached XP level 5. HP: 20/35 MP: 1/9
  4588 | D:4      | Killed from afar by an orc priest

Illustrated notes

Levels and vault maps discovered:
D:1:      wheals_arrival_linesprint, layout_rooms, dreamdust_princess_bridge
D:2:      layout_loops_corners, nicolae_ecumenical_pavilion, patterned_corridor
D:3:      layout_loops_ring, nicolae_ru_sacrificial_ziggurat,
          mainiacjoe_overflow_alcove_1, grunt_decor_resistance,
          minmay_statues_item, uniq_grinder
D:4:      layout_loops_corners, uniq_eustachio

Skill      XL: |  1  2  3  4 |
---------------+-------------+-----
Stealth        | 2 3 |  3.0
Dodging        | 2 |  2.8
Ice Magic      | 4 |  4.2
Spellcasting   | |  2.9

Action                   |  1- 3 |  4- 6 || total
-------------------------+-------+-------++-------
Melee: Unarmed           |    18 |       ||    18
       Dagger            |    13 |    30 ||    43
       Punch             |     1 |       ||     1
 Cast: Freeze            |    52 |    45 ||    97
       Frozen Ramparts   |       |     1 ||     1
  Use: Scroll            |     1 |     4 ||     5
       Potion            |       |     5 ||     5
 Stab: Sleeping          |     2 |     2 ||     4
Armor: Robe              |     6 |    18 ||    24
Dodge: Dodged            |    44 |    21 ||    65
Block: Other             |     4 |     5 ||     9

Table legend: (Time is in decaauts)
 A = Elapsed time spent in this place.
 B = Non-inter-level travel time spent in this place.
 C = Inter-level travel time spent in this place.
 D = Time resting spent in this place.
 E = Time spent auto-exploring this place.
 F = Levels seen in this place.
 G = Mean time per level.
                   A        B        C        D        E       F      G
               +--------+--------+--------+--------+--------+-----+--------+
         Total |   4588 |   4431 |    157 |   1621 |   2285 |   4 | 1147.0 |
       Dungeon |   4588 |   4431 |    157 |   1621 |   2285 |   4 | 1147.0 |
               +--------+--------+--------+--------+--------+-----+--------+

Top non-repeatable levels by time:
     D:2: 1888 daAuts
     D:1: 1127 daAuts
     D:4: 867 daAuts
     D:3: 704 daAuts
